Blue Jackets vs Sharks
Created - February 14, 2022 at 19:02
Goals
|
| Blue Jackets |
1 |
0 |
2 |
3 |
| Sharks |
0 |
0 |
0 |
0 |
|
Shots
|
| Blue Jackets |
14 |
6 |
10 |
30 |
| Sharks |
18 |
7 |
5 |
30 |
|
1st period
1. Blue Jackets , Tyler Kennedy 3 (Artemi Panarin 15, Tyler Seguin 14) at 7:43
Penalties :
Cody Hodgson (Clb) for Holding (Minor) at 0:27, Drew O'Connor (S.J) for Cross-checking (Minor) at 9:52, Boone Jenner (S.J) for Roughing (Minor) at 13:57
2nd period
No Goal
Penalties :
Tyler Cuma (S.J) for Holding (Minor) at 1:02, Tyler Kennedy (Clb) for Hooking (Minor) at 6:15, Devin Setoguchi (Clb) for Hooking (Minor) at 18:34
3rd period
2. Blue Jackets , Eric Wellwood 3 (Max Pacioretty 11, Dennis Wideman 3) at 11:20
3. Blue Jackets , Tyler Seguin 17 (Tyler Kennedy 7, Artemi Panarin 16) at 19:47
Penalties :
Artemi Panarin (Clb) for Roughing (Minor) at 5:39, Bobby Butler (S.J) for High sticking (Minor) at 13:45, Corey Perry (S.J) for Tripping (Minor) at 16:37
Goalie Stats
Rick DiPietro (Clb), 30 saves from 30 shots - (1.000), W, 4-9-3, 60:00 minutes
Ryan Miller (S.J), 27 saves from 30 shots - (0.900), L, 5-16-4, 60:00 minutes
Players Stats for Blue Jackets
Player Name G A P +/- PIM S H SB GA TA FO MP PP MP PK MP
------------------------------------------------------------------------------------
Artemi Panarin 0 2 2 2 2 3 1 0 1 0 1/3 21:01 5:20 2:58
Brandon Bollig 0 0 0 0 0 0 1 0 0 1 0/0 13:08 0:21 2:07
Cam Fowler 0 0 0 2 0 1 1 4 2 0 0/0 28:19 5:53 4:44
Cody Hodgson 0 0 0 1 2 6 1 0 1 0 8/12 19:47 4:14 1:48
Dennis Wideman 0 1 1 1 0 0 1 1 0 1 0/0 11:22 0:00 0:00
Devin Setoguchi 0 0 0 0 2 1 1 0 1 1 1/1 13:31 0:21 2:43
Emerson Etem 0 0 0 0 0 1 0 0 0 1 0/0 7:34 0:00 0:27
Eric Wellwood 1 0 1 1 0 6 0 0 0 0 0/1 16:33 4:14 0:00
Martin Havlat 0 0 0 0 0 0 3 0 1 0 0/0 7:02 0:00 0:00
Max Pacioretty 0 1 1 1 0 4 1 0 1 0 1/1 18:21 4:12 1:50
Mike Lundin 0 0 0 2 0 1 2 0 0 1 0/0 28:19 5:53 4:44
Nick Leddy 0 0 0 0 0 0 1 1 0 1 0/0 19:43 4:02 3:12
Pavel Datsyuk 0 0 0 0 0 1 0 0 0 0 0/5 10:45 0:23 0:00
Rob Scuderi 0 0 0 0 0 0 2 0 1 1 0/0 19:43 4:02 3:12
Shea Theodore 0 0 0 1 0 1 0 1 0 0 0/0 11:22 0:00 0:00
Tyler Kennedy 1 1 2 2 2 2 1 1 0 0 0/2 16:48 5:20 0:00
Tyler Seguin 1 1 2 2 0 2 0 0 0 0 14/29 21:40 5:20 3:59
Zac Dalpe 0 0 0 0 0 1 0 0 0 0 3/4 7:02 0:00 0:00
Players Stats for Sharks
Player Name G A P +/- PIM S H SB GA TA FO MP PP MP PK MP
------------------------------------------------------------------------------------
Andrej Sekera 0 0 0 0 0 1 0 0 0 0 0/0 11:17 0:00 0:52
Bobby Butler 0 0 0 0 2 1 0 0 0 1 0/0 11:58 0:00 0:00
Boone Jenner 0 0 0 0 2 3 2 0 1 0 5/6 13:22 0:00 1:28
Brandon Dubinsky 0 0 0 0 0 2 2 1 1 1 7/18 20:02 2:47 3:42
Corey Perry 0 0 0 -2 2 6 1 0 0 2 0/0 17:48 5:09 0:00
Dion Phaneuf 0 0 0 -3 0 0 2 1 0 2 0/0 27:21 3:57 5:48
Drew Doughty 0 0 0 -3 0 4 1 1 1 0 0/0 26:32 3:57 5:48
Drew O'Connor 0 0 0 0 2 0 1 0 0 0 0/0 11:25 0:00 0:00
Gilbert Brule 0 0 0 -2 0 4 2 0 0 0 16/32 22:24 5:09 5:00
Jiri Tlusty 0 0 0 -1 0 0 0 0 1 0 0/0 7:22 0:00 1:59
Karl Alzner 0 0 0 0 0 1 3 1 1 2 0/0 22:16 3:59 4:07
Luke Adam 0 0 0 -1 0 0 0 0 0 0 0/0 4:37 0:00 0:00
Milan Michalek 0 0 0 -3 0 2 3 1 0 0 1/1 25:28 5:09 4:55
Nick Palmieri 0 0 0 0 0 1 0 0 0 0 1/1 16:12 2:47 0:00
Oskar Osala 0 0 0 0 0 0 0 0 0 0 0/0 0:00 0:00 0:00
Steve Eminger 0 0 0 0 0 0 0 0 0 0 0/0 11:12 0:00 0:00
Tyler Cuma 0 0 0 0 2 3 0 0 1 0 0/0 21:23 3:59 3:15
Zach Boychuk 0 0 0 0 0 2 1 0 1 0 0/0 19:21 2:47 2:46
3 Stars
1 - Rick DiPietro (Clb)
2 - Tyler Seguin (Clb)
3 - Tyler Kennedy (Clb)
Power Play
Blue Jackets - 0 on 5 Attempt(s) - 0.00%
Sharks - 0 on 4 Attempt(s) - 0.00%
Penalty Kill
Blue Jackets - 4 on 4 Attempt(s) - 100.00%
- Score 0 goal in Penalty Kill
Sharks - 5 on 5 Attempt(s) - 100.00%
- Score 0 goal in Penalty Kill
Team Stat
Blue Jackets - Hits : 16 - Faceoff Wins : 28 - Blocked Shots : 8 - Penalty Minutes : 8
Sharks - Hits : 18 - Faceoff Wins : 30 - Blocked Shots : 5 - Penalty Minutes : 10
Official
Referees : Frederick L'Ecuyer and Beaudry Halkidis
Linesman : Vaughan Rody and Travis Gawryletz
Game Notes
No Game Note
Finance
Level 1 -- Attendance: 5120 (85.33%) -- Ticket Income $512,000
Level 2 -- Attendance: 4328 (86.56%) -- Ticket Income $259,680
Level 3 -- Attendance: 1915 (95.75%) -- Ticket Income $67,025
Level 4 -- Attendance: 3958 (98.95%) -- Ticket Income $98,950
Luxury Box -- Attendance: 900 (90.00%) -- Ticket Income $180,000
Game was played at the SAP Center.
Total Attendance: 16221 (90.12%)
Total Ticket Income: $1,117,655
Other Income: $167,648
Total Income: $1,285,303
Blue Jackets
5 vs 5 Forward
Center Left Wing Right Wing Time % Phy DF OF
1 Tyler Seguin Artemi Panarin Tyler Kennedy 40 1 2 2
2 Cody Hodgson Max Pacioretty Eric Wellwood 30 1 2 2
3 Pavel Datsyuk Brandon Bollig Devin Setoguchi 20 1 2 2
4 Zac Dalpe Emerson Etem Martin Havlat 10 1 2 2
5 vs 5 Defense
Defense Defense Time % Phy DF OF
1 Cam Fowler Mike Lundin 40 1 2 2
2 Nick Leddy Rob Scuderi 30 1 2 2
3 Dennis Wideman Shea Theodore 20 1 2 2
4 Cam Fowler Mike Lundin 10 1 2 2
PowerPlay Forward
Center Left Wing Right Wing Time % Phy DF OF
1 Tyler Seguin Artemi Panarin Tyler Kennedy 60 1 2 2
2 Cody Hodgson Max Pacioretty Eric Wellwood 40 1 2 2
PowerPlay Defense
Defense Defense Time % Phy DF OF
1 Cam Fowler Mike Lundin 60 1 2 2
2 Nick Leddy Rob Scuderi 40 1 2 2
Penalty Kill 4 Players Forward
Center Wing Time % Phy DF OF
1 Tyler Seguin Artemi Panarin 60 1 2 2
2 Cody Hodgson Max Pacioretty 40 1 2 2
Penalty Kill 4 Players Defense
Defense Defense Time % Phy DF OF
1 Cam Fowler Mike Lundin 60 1 2 2
2 Nick Leddy Rob Scuderi 40 1 2 2
Penalty Kill - 3 Players Forward
Forward Time % Phy DF OF
1 Tyler Seguin 60 1 2 2
2 Artemi Panarin 40 1 2 2
Penalty Kill - 3 Players Defense
Defense Defense Time % Phy DF OF
1 Cam Fowler Mike Lundin 60 1 2 2
2 Nick Leddy Rob Scuderi 40 1 2 2
4 vs 4 Forward
Center Wing Time % Phy DF OF
1 Tyler Seguin Artemi Panarin 60 1 2 2
2 Cody Hodgson Max Pacioretty 40 1 2 2
4 vs 4 Defense
Defense Defense Time % Phy DF OF
1 Cam Fowler Mike Lundin 60 1 2 2
2 Nick Leddy Rob Scuderi 40 1 2 2
Last Minutes Offensive
Center Left Wing Right Wing Defense Defense
Tyler Seguin Artemi Panarin Tyler Kennedy Cam Fowler Mike Lundin
Last Minutes Defensive
Center Left Wing Right Wing Defense Defense
Tyler Seguin Artemi Panarin Tyler Kennedy Cam Fowler Mike Lundin
Goaltenders
Starting : Rick DiPietro
Backup : Andrei Vasilevskiy
Extra Forwards
Normal : Pavel Datsyuk, Brandon Bollig, Devin Setoguchi - PP : Pavel Datsyuk, Brandon Bollig - PK : Devin Setoguchi
Extra Defensemen
Normal : Dennis Wideman, Shea Theodore, Nick Leddy - PP : Dennis Wideman - PK : Shea Theodore, Nick Leddy
Penalty Shots
Tyler Seguin, Artemi Panarin, Cody Hodgson, Max Pacioretty, Pavel Datsyuk
Scratches
Andreas Nodl (Healthy), Ryan Wilson (Healthy)
Sharks
5 vs 5 Forward
Center Left Wing Right Wing Time % Phy DF OF
1 Gilbert Brule Milan Michalek Corey Perry 40 1 2 2
2 Brandon Dubinsky Zach Boychuk Nick Palmieri 30 1 2 2
3 Boone Jenner Drew O'Connor Bobby Butler 20 1 2 2
4 Luke Adam Milan Michalek Jiri Tlusty 10 1 2 2
5 vs 5 Defense
Defense Defense Time % Phy DF OF
1 Drew Doughty Dion Phaneuf 40 1 2 2
2 Tyler Cuma Karl Alzner 30 1 2 2
3 Andrej Sekera Steve Eminger 20 1 2 2
4 Drew Doughty Dion Phaneuf 10 1 2 2
PowerPlay Forward
Center Left Wing Right Wing Time % Phy DF OF
1 Gilbert Brule Milan Michalek Corey Perry 60 1 2 2
2 Brandon Dubinsky Zach Boychuk Nick Palmieri 40 1 2 2
PowerPlay Defense
Defense Defense Time % Phy DF OF
1 Drew Doughty Dion Phaneuf 60 1 2 2
2 Tyler Cuma Karl Alzner 40 1 2 2
Penalty Kill 4 Players Forward
Center Wing Time % Phy DF OF
1 Gilbert Brule Milan Michalek 60 1 2 2
2 Brandon Dubinsky Zach Boychuk 40 1 2 2
Penalty Kill 4 Players Defense
Defense Defense Time % Phy DF OF
1 Drew Doughty Dion Phaneuf 60 1 2 2
2 Tyler Cuma Karl Alzner 40 1 2 2
Penalty Kill - 3 Players Forward
Forward Time % Phy DF OF
1 Gilbert Brule 60 1 2 2
2 Brandon Dubinsky 40 1 2 2
Penalty Kill - 3 Players Defense
Defense Defense Time % Phy DF OF
1 Drew Doughty Dion Phaneuf 60 1 2 2
2 Tyler Cuma Karl Alzner 40 1 2 2
4 vs 4 Forward
Center Wing Time % Phy DF OF
1 Gilbert Brule Milan Michalek 60 1 2 2
2 Brandon Dubinsky Zach Boychuk 40 1 2 2
4 vs 4 Defense
Defense Defense Time % Phy DF OF
1 Drew Doughty Dion Phaneuf 60 1 2 2
2 Tyler Cuma Karl Alzner 40 1 2 2
Last Minutes Offensive
Center Left Wing Right Wing Defense Defense
Gilbert Brule Milan Michalek Corey Perry Drew Doughty Dion Phaneuf
Last Minutes Defensive
Center Left Wing Right Wing Defense Defense
Gilbert Brule Milan Michalek Corey Perry Drew Doughty Dion Phaneuf
Goaltenders
Starting : Ryan Miller
Backup : Anders Lindback
Extra Forwards
Normal : Brandon Dubinsky, Boone Jenner, Bobby Butler - PP : Brandon Dubinsky, Boone Jenner - PK : Brandon Dubinsky
Extra Defensemen
Normal : Karl Alzner, Andrej Sekera, Steve Eminger - PP : Karl Alzner - PK : Karl Alzner, Andrej Sekera
Penalty Shots
Corey Perry, Gilbert Brule, Nick Palmieri, Milan Michalek, Brandon Dubinsky
Scratches
Brayden McNabb (Healthy), David Booth (Bruised Left Foot Injury), Keith Kinkaid (Healthy)
% Time on Ice - Blue Jackets
Lines # - Real PCT - Wanted PCT - Time Play
Normal Forward
1 - 29% - 40% - 12:26
2 - 30% - 30% - 12:41
3 - 24% - 20% - 10:00
4 - 17% - 10% - 7:02
Normal Defense
1 - 40% - 40% - 16:55
2 - 30% - 30% - 12:29
3 - 27% - 20% - 11:22
4 - 3% - 10% - 1:23
PP Forward
1 - 57% - 60% - 5:40
2 - 43% - 40% - 4:15
PP Defense
1 - 59% - 60% - 5:53
2 - 41% - 40% - 4:02
PK Forward
1 - 77% - 60% - 6:06
2 - 23% - 40% - 1:50
PK Defense
1 - 60% - 60% - 4:44
2 - 40% - 40% - 3:12
PK3 Forward
1 - 0% - 60%
2 - 0% - 40%
PK3 Defense
1 - 0% - 60%
2 - 0% - 40%
44 Forward
1 - 0% - 60%
2 - 0% - 40%
44 Defense
1 - 0% - 60%
2 - 0% - 40%
Last Minute Offensive - 0:00
Last Minute Defensive - 0:00
Total
Forward - 60:00
Defense - 60:00
|
% Time on Ice - Sharks
Lines # - Real PCT - Wanted PCT - Time Play
Normal Forward
1 - 29% - 40% - 12:24
2 - 33% - 30% - 13:54
3 - 27% - 20% - 11:14
4 - 11% - 10% - 4:37
Normal Defense
1 - 40% - 40% - 16:47
2 - 34% - 30% - 14:10
3 - 27% - 20% - 11:12
4 - 0% - 10% - 0:00
PP Forward
1 - 65% - 60% - 5:09
2 - 35% - 40% - 2:47
PP Defense
1 - 50% - 60% - 3:57
2 - 50% - 40% - 3:59
PK Forward
1 - 72% - 60% - 7:09
2 - 28% - 40% - 2:46
PK Defense
1 - 58% - 60% - 5:48
2 - 42% - 40% - 4:07
PK3 Forward
1 - 0% - 60%
2 - 0% - 40%
PK3 Defense
1 - 0% - 60%
2 - 0% - 40%
44 Forward
1 - 0% - 60%
2 - 0% - 40%
44 Defense
1 - 0% - 60%
2 - 0% - 40%
Last Minute Offensive - 0:00
Last Minute Defensive - 0:00
Total
Forward - 60:00
Defense - 60:00
|
Play-by-Play
1st period
0:01 of 1st period - Tyler Seguin wins face-off versus Gilbert Brule in neutral zone.
0:27 of 1st period - Minor Penalty to Cody Hodgson for Holding.
0:28 of 1st period - Gilbert Brule wins face-off versus Tyler Seguin in Blue Jackets zone.
0:41 of 1st period - Slapshot by Drew Doughty.
0:41 of 1st period - Stopped by Rick DiPietro without a rebound.
0:42 of 1st period - Devin Setoguchi wins face-off versus Brandon Dubinsky in Blue Jackets zone.
1:17 of 1st period - Snap shot by Corey Perry.
1:17 of 1st period - Shot Misses the Net.
1:27 of 1st period - Cam Fowler is hit by Gilbert Brule and loses puck.
1:40 of 1st period - Snap shot by Gilbert Brule.
1:40 of 1st period - Stopped by Rick DiPietro with a rebound.
1:42 of 1st period - Slapshot by Karl Alzner.
1:42 of 1st period - Stopped by Rick DiPietro with a rebound.
1:54 of 1st period - Snap shot by Gilbert Brule.
1:54 of 1st period - Shot Blocked by Cam Fowler.
1:56 of 1st period - Slapshot by Tyler Cuma.
1:56 of 1st period - Stopped by Rick DiPietro with a rebound.
1:58 of 1st period - Snap shot by Gilbert Brule.
1:58 of 1st period - Shot Blocked by Cam Fowler.
2:24 of 1st period - Rob Scuderi is hit by Milan Michalek.
2:27 of 1st period - Penalty to Cody Hodgson is over, Cody Hodgson is back on ice.
2:34 of 1st period - Slapshot by Tyler Seguin.
2:34 of 1st period - Shot Blocked by Karl Alzner.
2:36 of 1st period - Slapshot by Rob Scuderi.
2:36 of 1st period - Shot Misses the Net.
2:48 of 1st period - Wrist shot by Cody Hodgson.
2:48 of 1st period - Stopped by Ryan Miller with a rebound.
3:08 of 1st period - Wrist shot by Tyler Seguin.
3:08 of 1st period - Stopped by Ryan Miller with a rebound.
3:12 of 1st period - Backhand shot by Artemi Panarin.
3:12 of 1st period - Stopped by Ryan Miller without a rebound.
3:13 of 1st period - Brandon Dubinsky wins face-off versus Zac Dalpe in Sharks zone.
3:18 of 1st period - Slapshot by Drew Doughty.
3:18 of 1st period - Shot Misses the Net.
3:28 of 1st period - Snap shot by Emerson Etem.
3:28 of 1st period - Stopped by Ryan Miller without a rebound.
3:29 of 1st period - Boone Jenner wins face-off versus Pavel Datsyuk in Sharks zone.
3:38 of 1st period - Icing by Mike Lundin.
3:39 of 1st period - Boone Jenner wins face-off versus Pavel Datsyuk in Blue Jackets zone.
3:54 of 1st period - Snap shot by Pavel Datsyuk.
3:54 of 1st period - Shot Misses the Net.
3:56 of 1st period - Slapshot by Mike Lundin.
3:56 of 1st period - Deflect By Steve Eminger.
3:56 of 1st period - Stopped by Ryan Miller with a rebound.
4:44 of 1st period - Slapshot by Steve Eminger.
4:44 of 1st period - Shot Blocked by Cam Fowler.
5:01 of 1st period - Icing by Steve Eminger.
5:02 of 1st period - Cody Hodgson wins face-off versus Boone Jenner in Sharks zone.
5:09 of 1st period - Wrist shot by Max Pacioretty.
5:09 of 1st period - Stopped by Ryan Miller without a rebound.
5:10 of 1st period - Cody Hodgson wins face-off versus Brandon Dubinsky in Sharks zone.
5:15 of 1st period - Snap shot by Max Pacioretty.
5:15 of 1st period - Stopped by Ryan Miller without a rebound.
5:16 of 1st period - Cody Hodgson wins face-off versus Brandon Dubinsky in Sharks zone.
5:49 of 1st period - Backhand shot by Nick Palmieri.
5:49 of 1st period - Shot Misses the Net.
5:51 of 1st period - Snap shot by Brandon Dubinsky.
5:51 of 1st period - Stopped by Rick DiPietro without a rebound.
5:52 of 1st period - Cody Hodgson wins face-off versus Gilbert Brule in Blue Jackets zone.
5:52 of 1st period - Cody Hodgson is hit by Gilbert Brule.
6:04 of 1st period - Snap shot by Milan Michalek.
6:04 of 1st period - Shot Misses the Net.
6:18 of 1st period - Karl Alzner is hit by Nick Leddy and loses puck.
6:49 of 1st period - Mike Lundin is hit by Drew Doughty and loses puck.
7:20 of 1st period - Off-side.
7:21 of 1st period - Boone Jenner wins face-off versus Cody Hodgson in neutral zone.
7:23 of 1st period - Off-side.
7:24 of 1st period - Max Pacioretty wins face-off versus Brandon Dubinsky in neutral zone.
7:39 of 1st period - Snap shot by Cody Hodgson.
7:39 of 1st period - Stopped by Ryan Miller without a rebound.
7:40 of 1st period - Tyler Seguin wins face-off versus Gilbert Brule in Sharks zone.
7:43 of 1st period - Slapshot by Tyler Kennedy.
7:43 of 1st period - Goal by Tyler Kennedy - Blue Jackets : 1 - Sharks : 0.
7:44 of 1st period - Gilbert Brule wins face-off versus Tyler Seguin in neutral zone.
7:51 of 1st period - Snap shot by Milan Michalek.
7:51 of 1st period - Stopped by Rick DiPietro with a rebound.
7:53 of 1st period - Snap shot by Milan Michalek.
7:53 of 1st period - Shot Misses the Net.
7:55 of 1st period - Slapshot by Drew Doughty.
7:55 of 1st period - Shot Blocked by Tyler Kennedy.
7:57 of 1st period - Wrist shot by Gilbert Brule.
7:57 of 1st period - Shot Misses the Net.
7:59 of 1st period - Slapshot by Drew Doughty.
7:59 of 1st period - Stopped by Rick DiPietro without a rebound.
8:00 of 1st period - Brandon Dubinsky wins face-off versus Cody Hodgson in Blue Jackets zone.
8:44 of 1st period - Wrist shot by Cody Hodgson.
8:44 of 1st period - Shot Misses the Net.
8:50 of 1st period - Snap shot by Cody Hodgson.
8:50 of 1st period - Stopped by Ryan Miller with a rebound.
8:52 of 1st period - Wrist shot by Eric Wellwood.
8:52 of 1st period - Stopped by Ryan Miller with a rebound.
9:18 of 1st period - Slapshot by Max Pacioretty.
9:18 of 1st period - Stopped by Ryan Miller without a rebound.
9:19 of 1st period - Brandon Dubinsky wins face-off versus Artemi Panarin in Sharks zone.
9:52 of 1st period - Minor Penalty to Drew O'Connor for Cross-checking.
9:53 of 1st period - Gilbert Brule wins face-off versus Tyler Seguin in Sharks zone.
10:14 of 1st period - Dion Phaneuf is hit by Tyler Kennedy and loses puck.
10:57 of 1st period - Rob Scuderi is hit by Dion Phaneuf and loses puck.
11:29 of 1st period - Slapshot by Boone Jenner.
11:29 of 1st period - Shot Blocked by Cam Fowler.
11:52 of 1st period - Penalty to Drew O'Connor is over, Drew O'Connor is back on ice.
12:05 of 1st period - Zach Boychuk is hit by Martin Havlat and loses puck.
13:32 of 1st period - Drew Doughty is hit by Max Pacioretty.
13:44 of 1st period - Rob Scuderi is hit by Drew O'Connor and loses puck.
13:57 of 1st period - Minor Penalty to Boone Jenner for Roughing.
13:58 of 1st period - Gilbert Brule wins face-off versus Tyler Kennedy in Sharks zone.
15:57 of 1st period - Penalty to Boone Jenner is over, Boone Jenner is back on ice.
15:59 of 1st period - Slapshot by Gilbert Brule.
15:59 of 1st period - Deflect By Milan Michalek.
15:59 of 1st period - Stopped by Rick DiPietro without a rebound.
16:00 of 1st period - Boone Jenner wins face-off versus Pavel Datsyuk in Blue Jackets zone.
16:05 of 1st period - Wrist shot by Bobby Butler.
16:05 of 1st period - Shot Blocked by Dennis Wideman.
16:07 of 1st period - Slapshot by Andrej Sekera.
16:07 of 1st period - Stopped by Rick DiPietro with a rebound.
16:25 of 1st period - Zach Boychuk is hit by Martin Havlat.
16:39 of 1st period - Wrist shot by Eric Wellwood.
16:39 of 1st period - Stopped by Ryan Miller without a rebound.
16:40 of 1st period - Milan Michalek wins face-off versus Cody Hodgson in Sharks zone.
16:49 of 1st period - Snap shot by Gilbert Brule.
16:49 of 1st period - Stopped by Rick DiPietro without a rebound.
16:50 of 1st period - Gilbert Brule wins face-off versus Tyler Seguin in Blue Jackets zone.
16:50 of 1st period - Gilbert Brule is hit by Artemi Panarin.
17:04 of 1st period - Wrist shot by Corey Perry.
17:04 of 1st period - Stopped by Rick DiPietro with a rebound.
17:52 of 1st period - Snap shot by Cody Hodgson.
17:52 of 1st period - Stopped by Ryan Miller without a rebound.
17:53 of 1st period - Tyler Seguin wins face-off versus Gilbert Brule in Sharks zone.
18:45 of 1st period - Slapshot by Tyler Cuma.
18:45 of 1st period - Stopped by Rick DiPietro with a rebound.
18:47 of 1st period - Snap shot by Bobby Butler.
18:47 of 1st period - Shot Hit the Post.
18:49 of 1st period - Snap shot by Tyler Cuma.
18:49 of 1st period - Stopped by Rick DiPietro with a rebound.
19:26 of 1st period - Slapshot by Emerson Etem.
19:26 of 1st period - Deflect By Zac Dalpe.
19:26 of 1st period - Shot Misses the Net.
19:26 of 1st period - Puck is out of play.
19:27 of 1st period - Gilbert Brule wins face-off versus Tyler Seguin in Sharks zone.
19:32 of 1st period - Snap shot by Gilbert Brule.
19:32 of 1st period - Shot Misses the Net.
19:34 of 1st period - Snap shot by Corey Perry.
19:34 of 1st period - Stopped by Rick DiPietro with a rebound.
19:36 of 1st period - Wrist shot by Corey Perry.
19:36 of 1st period - Stopped by Rick DiPietro with a rebound.
19:38 of 1st period - Slapshot by Corey Perry.
19:38 of 1st period - Stopped by Rick DiPietro without a rebound.
19:39 of 1st period - Gilbert Brule wins face-off versus Tyler Seguin in Blue Jackets zone.
19:42 of 1st period - Wrist shot by Corey Perry.
19:42 of 1st period - Stopped by Rick DiPietro with a rebound.
19:44 of 1st period - Snap shot by Gilbert Brule.
19:44 of 1st period - Shot Misses the Net.
19:46 of 1st period - Slapshot by Dion Phaneuf.
19:46 of 1st period - Deflect By Gilbert Brule.
19:46 of 1st period - Stopped by Rick DiPietro without a rebound.
19:47 of 1st period - Gilbert Brule wins face-off versus Tyler Seguin in Blue Jackets zone.
Goals for this period are 1 for Blue Jackets vs 0 for Sharks.
Shots for this period are 14 for Blue Jackets vs 18 for Sharks.
2nd period
0:01 of 2nd period - Artemi Panarin wins face-off versus Gilbert Brule in neutral zone.
0:38 of 2nd period - Wrist shot by Cody Hodgson.
0:38 of 2nd period - Stopped by Ryan Miller without a rebound.
0:39 of 2nd period - Cody Hodgson wins face-off versus Gilbert Brule in Sharks zone.
0:42 of 2nd period - Snap shot by Max Pacioretty.
0:42 of 2nd period - Shot Misses the Net.
0:44 of 2nd period - Snap shot by Max Pacioretty.
0:44 of 2nd period - Shot Misses the Net.
1:02 of 2nd period - Minor Penalty to Tyler Cuma for Holding.
1:03 of 2nd period - Tyler Seguin wins face-off versus Gilbert Brule in Sharks zone.
3:02 of 2nd period - Penalty to Tyler Cuma is over, Tyler Cuma is back on ice.
3:09 of 2nd period - Bobby Butler is hit by Devin Setoguchi and loses puck.
3:16 of 2nd period - Boone Jenner is hit by Mike Lundin and loses puck.
3:26 of 2nd period - Icing by Pavel Datsyuk.
3:27 of 2nd period - Zac Dalpe wins face-off versus Brandon Dubinsky in Blue Jackets zone.
3:27 of 2nd period - Zac Dalpe is hit by Brandon Dubinsky.
3:41 of 2nd period - Wrist shot by Emerson Etem.
3:41 of 2nd period - Shot Blocked by Dion Phaneuf.
4:01 of 2nd period - Wrist shot by Devin Setoguchi.
4:01 of 2nd period - Shot Misses the Net.
4:13 of 2nd period - Cam Fowler is hit by Karl Alzner.
4:19 of 2nd period - Karl Alzner is hit by Mike Lundin.
4:43 of 2nd period - Snap shot by Max Pacioretty.
4:43 of 2nd period - Stopped by Ryan Miller with a rebound.
5:09 of 2nd period - Snap shot by Pavel Datsyuk.
5:09 of 2nd period - Stopped by Ryan Miller with a rebound.
5:23 of 2nd period - Wrist shot by Devin Setoguchi.
5:23 of 2nd period - Stopped by Ryan Miller without a rebound.
5:24 of 2nd period - Tyler Seguin wins face-off versus Brandon Dubinsky in Sharks zone.
5:27 of 2nd period - Wrist shot by Artemi Panarin.
5:27 of 2nd period - Stopped by Ryan Miller without a rebound.
5:28 of 2nd period - Tyler Seguin wins face-off versus Gilbert Brule in Sharks zone.
5:59 of 2nd period - Slapshot by Drew Doughty.
5:59 of 2nd period - Stopped by Rick DiPietro with a rebound.
6:01 of 2nd period - Slapshot by Boone Jenner.
6:01 of 2nd period - Shot Misses the Net.
6:07 of 2nd period - Snap shot by Boone Jenner.
6:07 of 2nd period - Stopped by Rick DiPietro with a rebound.
6:15 of 2nd period - Minor Penalty to Tyler Kennedy for Hooking.
6:16 of 2nd period - Gilbert Brule wins face-off versus Artemi Panarin in Blue Jackets zone.
7:24 of 2nd period - Brandon Dubinsky is hit by Cam Fowler and loses puck.
8:15 of 2nd period - Penalty to Tyler Kennedy is over, Tyler Kennedy is back on ice.
11:04 of 2nd period - Drew Doughty is hit by Brandon Bollig and loses puck.
11:30 of 2nd period - Luke Adam is hit by Martin Havlat.
11:52 of 2nd period - Off-side.
11:53 of 2nd period - Brandon Dubinsky wins face-off versus Pavel Datsyuk in neutral zone.
11:55 of 2nd period - Off-side.
11:56 of 2nd period - Brandon Dubinsky wins face-off versus Pavel Datsyuk in neutral zone.
12:25 of 2nd period - Slapshot by Cody Hodgson.
12:25 of 2nd period - Stopped by Ryan Miller without a rebound.
12:26 of 2nd period - Zac Dalpe wins face-off versus Gilbert Brule in Sharks zone.
12:51 of 2nd period - Mike Lundin is hit by Karl Alzner and loses puck.
12:58 of 2nd period - Slapshot by Nick Palmieri.
12:58 of 2nd period - Stopped by Rick DiPietro with a rebound.
13:00 of 2nd period - Wrist shot by Brandon Dubinsky.
13:00 of 2nd period - Stopped by Rick DiPietro with a rebound.
13:20 of 2nd period - Snap shot by Boone Jenner.
13:20 of 2nd period - Stopped by Rick DiPietro without a rebound.
13:21 of 2nd period - Cody Hodgson wins face-off versus Gilbert Brule in Blue Jackets zone.
13:28 of 2nd period - Slapshot by Corey Perry.
13:28 of 2nd period - Stopped by Rick DiPietro with a rebound.
13:32 of 2nd period - Wrist shot by Corey Perry.
13:32 of 2nd period - Shot Blocked by Nick Leddy.
13:49 of 2nd period - Off-side.
13:50 of 2nd period - Nick Palmieri wins face-off versus Tyler Seguin in neutral zone.
14:00 of 2nd period - Dennis Wideman is hit by Karl Alzner and loses puck.
14:07 of 2nd period - Slapshot by Nick Palmieri.
14:07 of 2nd period - Shot Blocked by Shea Theodore.
14:17 of 2nd period - Karl Alzner is hit by Dennis Wideman and loses puck.
14:51 of 2nd period - Mike Lundin is hit by Boone Jenner and loses puck.
15:26 of 2nd period - Snap shot by Cam Fowler.
15:26 of 2nd period - Shot Blocked by Drew Doughty.
15:42 of 2nd period - Cam Fowler is hit by Corey Perry and loses puck.
16:20 of 2nd period - Icing by Max Pacioretty.
16:21 of 2nd period - Brandon Dubinsky wins face-off versus Cody Hodgson in Blue Jackets zone.
16:40 of 2nd period - Eric Wellwood is hit by Brandon Dubinsky and loses puck.
17:34 of 2nd period - Slapshot by Drew Doughty.
17:34 of 2nd period - Stopped by Rick DiPietro without a rebound.
17:35 of 2nd period - Tyler Seguin wins face-off versus Gilbert Brule in Blue Jackets zone.
18:34 of 2nd period - Minor Penalty to Devin Setoguchi for Hooking.
18:35 of 2nd period - Gilbert Brule wins face-off versus Tyler Seguin in Blue Jackets zone.
18:42 of 2nd period - Snap shot by Gilbert Brule.
18:42 of 2nd period - Shot Misses the Net.
Goals for this period are 0 for Blue Jackets vs 0 for Sharks.
Shots for this period are 6 for Blue Jackets vs 7 for Sharks.
3rd period
0:01 of 3rd period - Gilbert Brule wins face-off versus Tyler Seguin in neutral zone.
0:05 of 3rd period - Off-side.
0:06 of 3rd period - Tyler Seguin wins face-off versus Gilbert Brule in neutral zone.
0:23 of 3rd period - Icing by Drew Doughty.
0:24 of 3rd period - Tyler Seguin wins face-off versus Gilbert Brule in Sharks zone.
0:29 of 3rd period - Snap shot by Artemi Panarin.
0:29 of 3rd period - Stopped by Ryan Miller with a rebound.
0:34 of 3rd period - Penalty to Devin Setoguchi is over, Devin Setoguchi is back on ice.
0:37 of 3rd period - Slapshot by Corey Perry.
0:37 of 3rd period - Shot Misses the Net.
0:39 of 3rd period - Wrist shot by Gilbert Brule.
0:39 of 3rd period - Stopped by Rick DiPietro without a rebound.
0:40 of 3rd period - Cody Hodgson wins face-off versus Brandon Dubinsky in Blue Jackets zone.
1:07 of 3rd period - Artemi Panarin is hit by Milan Michalek and loses puck.
1:52 of 3rd period - Wrist shot by Eric Wellwood.
1:52 of 3rd period - Stopped by Ryan Miller without a rebound.
1:53 of 3rd period - Cody Hodgson wins face-off versus Gilbert Brule in Sharks zone.
2:06 of 3rd period - Wrist shot by Eric Wellwood.
2:06 of 3rd period - Stopped by Ryan Miller with a rebound.
3:02 of 3rd period - Emerson Etem is hit by Dion Phaneuf and loses puck.
3:29 of 3rd period - Slapshot by Tyler Seguin.
3:29 of 3rd period - Shot Hit the Post.
3:39 of 3rd period - Corey Perry is hit by Cody Hodgson and loses puck.
4:06 of 3rd period - Snap shot by Bobby Butler.
4:06 of 3rd period - Stopped by Rick DiPietro without a rebound.
4:07 of 3rd period - Gilbert Brule wins face-off versus Tyler Seguin in Blue Jackets zone.
4:42 of 3rd period - Snap shot by Boone Jenner.
4:42 of 3rd period - Deflect By Dennis Wideman.
4:42 of 3rd period - Stopped by Rick DiPietro with a rebound.
5:26 of 3rd period - Slapshot by Zac Dalpe.
5:26 of 3rd period - Deflect By Martin Havlat.
5:26 of 3rd period - Shot Blocked by Milan Michalek.
5:26 of 3rd period - Puck is out of play.
5:27 of 3rd period - Brandon Dubinsky wins face-off versus Tyler Seguin in Sharks zone.
5:36 of 3rd period - Slapshot by Andrej Sekera.
5:36 of 3rd period - Deflect By Zach Boychuk.
5:36 of 3rd period - Stopped by Rick DiPietro without a rebound.
5:37 of 3rd period - Tyler Seguin wins face-off versus Brandon Dubinsky in Blue Jackets zone.
5:39 of 3rd period - Minor Penalty to Artemi Panarin for Roughing.
5:40 of 3rd period - Gilbert Brule wins face-off versus Tyler Seguin in Blue Jackets zone.
5:56 of 3rd period - Snap shot by Corey Perry.
5:56 of 3rd period - Shot Misses the Net.
7:39 of 3rd period - Penalty to Artemi Panarin is over, Artemi Panarin is back on ice.
7:53 of 3rd period - Dennis Wideman is hit by Boone Jenner and loses puck.
9:22 of 3rd period - Tyler Cuma is hit by Rob Scuderi and loses puck.
9:57 of 3rd period - Cody Hodgson is hit by Milan Michalek and loses puck.
10:49 of 3rd period - Icing by Boone Jenner.
10:50 of 3rd period - Boone Jenner wins face-off versus Eric Wellwood in Sharks zone.
11:18 of 3rd period - Wrist shot by Max Pacioretty.
11:18 of 3rd period - Deflect By Eric Wellwood.
11:18 of 3rd period - Stopped by Ryan Miller with a rebound.
11:20 of 3rd period - Wrist shot by Eric Wellwood.
11:20 of 3rd period - Goal by Eric Wellwood - Blue Jackets : 2 - Sharks : 0.
11:21 of 3rd period - Tyler Seguin wins face-off versus Brandon Dubinsky in neutral zone.
11:26 of 3rd period - Wrist shot by Tyler Kennedy.
11:26 of 3rd period - Stopped by Ryan Miller with a rebound.
12:36 of 3rd period - Snap shot by Zach Boychuk.
12:36 of 3rd period - Stopped by Rick DiPietro without a rebound.
12:37 of 3rd period - Tyler Seguin wins face-off versus Gilbert Brule in Blue Jackets zone.
13:45 of 3rd period - Minor Penalty to Bobby Butler for High sticking.
13:46 of 3rd period - Gilbert Brule wins face-off versus Tyler Seguin in Sharks zone.
15:21 of 3rd period - Icing by Cam Fowler.
15:22 of 3rd period - Gilbert Brule wins face-off versus Tyler Kennedy in Blue Jackets zone.
15:37 of 3rd period - Eric Wellwood is hit by Zach Boychuk and loses puck.
15:45 of 3rd period - Penalty to Bobby Butler is over, Bobby Butler is back on ice.
16:37 of 3rd period - Minor Penalty to Corey Perry for Tripping.
16:38 of 3rd period - Gilbert Brule wins face-off versus Tyler Seguin in Sharks zone.
17:14 of 3rd period - Slapshot by Cam Fowler.
17:14 of 3rd period - Stopped by Ryan Miller without a rebound.
17:15 of 3rd period - Tyler Seguin wins face-off versus Brandon Dubinsky in Sharks zone.
18:26 of 3rd period - Drew Doughty is hit by Rob Scuderi and loses puck.
18:37 of 3rd period - Penalty to Corey Perry is over, Corey Perry is back on ice.
18:43 of 3rd period - Slapshot by Zac Dalpe.
18:43 of 3rd period - Stopped by Ryan Miller without a rebound.
18:44 of 3rd period - Zac Dalpe wins face-off versus Brandon Dubinsky in Sharks zone.
18:53 of 3rd period - Snap shot by Martin Havlat.
18:53 of 3rd period - Shot Blocked by Brandon Dubinsky.
18:55 of 3rd period - Slapshot by Shea Theodore.
18:55 of 3rd period - Stopped by Ryan Miller with a rebound.
19:31 of 3rd period - Snap shot by Devin Setoguchi.
19:31 of 3rd period - Shot Misses the Net.
19:33 of 3rd period - Slapshot by Shea Theodore.
19:33 of 3rd period - Shot Misses the Net.
19:47 of 3rd period - Snap shot by Tyler Seguin.
19:47 of 3rd period - Goal by Tyler Seguin - Blue Jackets : 3 - Sharks : 0.
19:48 of 3rd period - Tyler Seguin wins face-off versus Gilbert Brule in neutral zone.
19:58 of 3rd period - Wrist shot by Tyler Seguin.
19:58 of 3rd period - Shot Hit the Post.
Goals for this period are 2 for Blue Jackets vs 0 for Sharks.
Shots for this period are 10 for Blue Jackets vs 5 for Sharks.